 Dungeon Crawl Stone Soup version 0.19-a0-518-g626ee58 (webtiles) character file.

2675 nazareth the Fighter (level 9, -2/84 HPs)
             Began as a Hill Orc Fighter on June 6, 2016.
             Was a Believer of Hepliaklqana.
             Slain by a three-headed hydra (10 damage)
             ... on level 8 of the Dungeon.
             The game lasted 00:44:52 (5110 turns).

nazareth the Fighter (Hill Orc Fighter)             Turns: 5110, Time: 00:44:57

Health: -2/84      AC: 11    Str: 22 (25) XL:     9   Next: 64%
Magic:  11/11      EV: 17    Int: 11 (13) God:    Hepliaklqana [**....]
Gold:   358        SH: 11    Dex: 16 (17) Spells: 0 memorised, 10 levels left

rFire  . . .     SeeInvis .     C - +1 flail (drain)
rCold  . . .     Gourm    .     k - +0 chain mail
rNeg   . . .     Faith    .     c - +0 shield
rPois  .         Spirit   .     (no helmet)
rElec  .         Dismiss  .     (no cloak)
rCorr  .         Reflect  .     (no gloves)
SustAt .         Harm     .     (no boots)
MR     .....                    i - amulet of regeneration
Stlth  ..........               (no ring)
                                j - +5 ring of evasion

@: mighty, brilliant, agile, lethally poisoned (-2 -> -5), not resistant to
hostile enchantments, extremely unstealthy
A: no striking features
a: Recall Ancestor, Ancestor Identity, Renounce Religion


You were on level 8 of the Dungeon.
You worshipped Hepliaklqana.
Hepliaklqana was pleased with you.
You were not hungry.

You visited 1 branch of the dungeon, and saw 8 of its levels.

You collected 358 gold pieces.

Inventory:

Hand Weapons
 a - a +0 war axe
 v - a +2 vampiric long sword
 C - a +1 flail of draining (weapon)
 L - a cursed +0 whip
Armour
 b - a +0 scale mail
 c - a +0 shield (worn)
 k - a +0 chain mail (worn)
 A - the cursed -2 hat "Keorutue" {Str+2 Dex+3, unknown}
   (You found it on level 5 of the Dungeon)

   It affects your strength (+2).
   It affects your dexterity (+3).
   It has a curse placed upon it.
Magical Staves
 n - an uncursed staff of cold {unknown}
Jewellery
 i - an amulet of regeneration (around neck)
 j - a +5 ring of evasion (left hand)
 x - an uncursed amulet of faith {unknown}
 y - an uncursed ring of teleportation
 G - an uncursed amulet of the gourmand
 M - the ring of Niys {Wiz rElec rPois Slay+3 Stlth+, unknown}
   (You found it on level 8 of the Dungeon)

   [ring of wizardry]

   It improves your spell success rate.
   It affects your accuracy and damage with ranged weapons and melee attacks
   (+3).
   It insulates you from electricity.
   It protects you from poison.
   It makes you more stealthy.
Wands
 F - a wand of acid (9/15)
 H - a wand of teleportation (4/9)
 J - a wand of polymorph (10/24)
Scrolls
 e - a scroll of remove curse
 o - 4 scrolls of immolation
 r - a scroll of fear
 w - a scroll of fog
 z - 2 scrolls of amnesia
 B - a scroll of enchant weapon
 K - a scroll of random uselessness {unknown}
Potions
 d - a potion of might
 p - 4 potions of curing {unknown}
 q - 2 potions of berserk rage {unknown}
 s - 2 potions of invisibility {unknown}
 t - a potion of lignification {unknown}
 u - a potion of cancellation {unknown}
 I - a potion of heal wounds {unknown}
Books
 E - a book of the Tempests

   Spells                             Type                      Level
   a - Static Discharge               Conjuration/Air              3
   b - Lightning Bolt                 Conjuration/Air              5
   c - Fireball                       Conjuration/Fire             5
   d - Tornado                        Air                          9
   e - Shatter                        Earth                        9
Comestibles
 f - 4 bread rations
 D - a meat ration


   Skills:
 + Level 9.4 Fighting
 - Level 2.6(4.7) Axes
 * Level 5.1(5.3) Maces & Flails
 * Level 8.4 Armour
 - Level 0.8 Dodging
 - Level 0.1 Stealth
 - Level 7.0 Shields
 * Level 1.4 Spellcasting


You had 10 spell levels left.
You didn't know any spells.

Dungeon Overview and Level Annotations

Branches:
Dungeon (8/15)             Temple (0/1) D:7
   Lair: D:8-11

Altars:
Elyvilon
Hepliaklqana


Message History

It was a potion of magic.
Magic courses through your body.
You feel sick. The big kobold misses you.
Double Whopper hits the three-headed hydra with a quarterstaff!
A yak comes into view.
It was a potion of degeneration.
There was something very wrong with that liquid.
You feel weakened.
You feel dopey.
You feel clumsy.
You feel sick. You block the big kobold's attack.
You block the three-headed hydra's attack.
The three-headed hydra completely misses you.
You block the three-headed hydra's attack.
The big kobold hits Double Whopper with a short sword.
It was a potion of agility.
You feel agile all of a sudden.
You feel sick.
The big kobold hits you but does no damage.
The big kobold hits Double Whopper but does no damage.
You block the three-headed hydra's attack.
The three-headed hydra bites you!
You die...

##### #....[..#
##.####### #...#
#...# ### #...#
...
#####...####.#
#............####
..YY...(D.......#
#.....KRK@...##
#####.Y(####.#
#).)# .. #...# ≈
#.... ##.#. #. .#
#. .. ## .#


You could see a three-headed hydra, a yak, 2 big kobolds, 2 sheep and the
friendly Double Whopper the battlemage.

Vanquished Creatures
  Grinder (D:5)
  An ice beast (D:6)
  A centaur (D:5)
  A big kobold (D:8)
  Dowan (D:7)
  A wight (D:7)
  2 howler monkeys (D:7)
  2 hounds
  An orc priest (D:5)
  A centaur skeleton (D:5)
  Ijyb (D:2)
  Natasha (D:3)
  3 worker ants
  A hound skeleton (D:5)
  15 adders
  3 gnolls (D:4)
  A shadow imp (D:5)
  An ooze (D:4)
  An adder skeleton (D:7)
  3 worms
  5 dart slugs
  3 giant geckos
  15 orcs
  2 ball pythons (D:1)
  3 giant cockroaches
  6 goblins
  5 hobgoblins
  7 jackals
  A quokka (D:3)
  7 bats
  A giant gecko skeleton (D:7)
  10 giant newts
  9 kobolds
  A quokka skeleton (D:6)
  3 rats
120 creatures vanquished.

Vanquished Creatures (collateral kills)
  Sigmund (D:6)
  A wraith (D:7)
  Menkaure (D:7)
  Duvessa (D:7)
  2 necrophages (D:8)
  A black bear (D:6)
  A scorpion (D:6)
  4 wights (D:7)
  3 killer bees (D:8)
  2 crimson imps
  2 giant frog zombies
  A giant frog skeleton (D:6)
  An orc priest (D:8)
  A hound (D:6)
  2 orc wizards (D:7)
  2 worker ants (D:8)
  A hound zombie (D:8)
  An adder (D:3)
  An adder zombie (D:7)
  A giant gecko (D:8)
  11 orcs
  A quokka (D:7)
  A ball python (D:3)
  A giant newt (D:4)
  3 kobolds (D:8)
  A quokka skeleton (D:8)
  A rat (D:3)
  2 butterflies (D:7)
51 creatures vanquished.

Vanquished Creatures (others)
  An ancestor (D:5)
1 creature vanquished.

Grand Total: 172 creatures vanquished

Notes
Turn   | Place    | Note
--------------------------------------------------------------
     0 | D:1      | nazareth the Hill Orc Fighter began the quest for the Orb.
     0 | D:1      | Reached XP level 1. HP: 19/19 MP: 1/1
   190 | D:1      | Reached XP level 2. HP: 21/27 MP: 2/2
   318 | D:1      | Reached skill level 4 in Fighting
   486 | D:1      | Reached XP level 3. HP: 27/33 MP: 3/3
  1300 | D:2      | Noticed Ijyb
  1322 | D:2      | Killed Ijyb
  1322 | D:2      | Reached XP level 4. HP: 41/41 MP: 4/4
  1526 | D:2      | Found a white marble altar of Elyvilon.
  1547 | D:2      | Reached XP level 5. HP: 47/47 MP: 5/5
  1732 | D:2      | Found a hazy altar of Hepliaklqana.
  1743 | D:2      | Became a worshipper of Hepliaklqana
  2127 | D:3      | Reached skill level 5 in Shields
  2452 | D:3      | Noticed Natasha
  2458 | D:3      | Killed Natasha
  2458 | D:3      | Reached skill level 5 in Fighting
  2585 | D:3      | Reached * piety under Hepliaklqana
  2872 | D:4      | Reached XP level 6. HP: 56/56 MP: 6/6
  3182 | D:5      | Entered Level 5 of the Dungeon
  3223 | D:5      | Reached XP level 7. HP: 45/62 MP: 7/7
  3360 | D:5      | Noticed Grinder
  3368 | D:5      | Paralysed by Grinder for 5 turns
  3709 | D:5      | Killed Grinder
  3709 | D:5      | Reached skill level 6 in Fighting
  3769 | D:5      | Got a jewelled hat
  3830 | D:5      | Reached ** piety under Hepliaklqana
  3832 | D:5      | Remembered your ancestor Double Whopper as a battlemage
  3897 | D:5      | Reached skill level 5 in Armour
  4120 | D:6      | Reached skill level 7 in Fighting
  4120 | D:6      | Reached skill level 1 in Maces & Flails
  4120 | D:6      | Reached XP level 8. HP: 72/73 MP: 8/8
  4259 | D:6      | Noticed Sigmund
  4265 | D:6      | Killed Sigmund
  4463 | D:7      | Noticed a wraith
  4474 | D:7      | Killed a wraith
  4474 | D:7      | Reached skill level 8 in Fighting
  4572 | D:7      | Reached XP level 9. HP: 80/82 MP: 9/9
  4616 | D:7      | Found a staircase to the Ecumenical Temple.
  4729 | D:7      | Noticed Dowan
  4730 | D:7      | Noticed Duvessa
  4739 | D:7      | Killed Duvessa
  4739 | D:7      | Reached skill level 9 in Fighting
  4750 | D:7      | Killed Dowan
  4770 | D:7      | Noticed Menkaure
  4775 | D:7      | Killed Menkaure
  4991 | D:8      | Got a smoking pewter ring
  5061 | D:8      | Reached skill level 1 in Spellcasting
  5101 | D:8      | Reached skill level 5 in Maces & Flails
  5102 | D:8      | Noticed a three-headed hydra
  5110 | D:8      | Slain by a three-headed hydra

Vault maps used:
D:1:      lightli_arrival_statue_moat, serial_co_window_serial,
          co_window_paths_a, co_window_of_opportunity_a, co_window_paths_b,
          co_window_paths_a, co_window_of_opportunity_a, co_window_paths_b,
          co_window_of_opportunity_c, co_window_broadway_b, co_window_2corner,
          co_window_of_opportunity_c, co_window_4corner_a, co_window_4corner_b,
          glass_columns_c
D:2:      lemuel_doored_altar, old_standard_altar, uniq_iyjb
D:3:      first_bread, minmay_misc_feat_encased, kennysheep_doodads,
          uniq_natasha
D:5:      uniq_grinder
D:6:      uniq_sigmund
D:7:      minmay_temple_entry_butterflies, uniq_duvessa, uniq_menkaure
D:8:      kennysheep_mini_moat, hangedman_ranch

Skill      XL: |  1  2  3  4  5  6  7  8  9 |
---------------+----------------------------+-----
Fighting       | 4 5 7 8 9 |  9.4
Shields        | 4 5 6 7 |  7.0
Armour         | 5 7 8 |  8.4
Maces & Flails | 1 3 5 |  5.1
Spellcasting   | 1 |  1.4
Axes           | |  2.6
Dodging        | |  0.8
Stealth        | |  0.1

Action                   |  1- 3 |  4- 6 |  7- 9 || total
-------------------------+-------+-------+-------++-------
Melee: War axe           |   129 |   198 |    62 ||   389
       Flail             |       |       |   157 ||   157
Invok: Ancestor Life: Ba |       |       |     1 ||     1
  Use: Scroll            |     3 |     8 |    11 ||    22
       Potion            |       |       |     6 ||     6
  Eat: Chunk             |     1 |     4 |     1 ||     6
       Bread ration      |       |     1 |     1 ||     2
Armor: Scale mail        |    69 |    33 |       ||   102
       Chain mail        |       |    73 |    98 ||   171
Dodge: Dodged            |    46 |    46 |   103 ||   195
Block: Shield            |    70 |   113 |   152 ||   335
